 Dungeon Crawl Stone Soup version 0.30.1-3-gfc49f6343a (webtiles) character file.

Game seed: 13407851513261738714

228 croobank the Sneak (level 6, 0/43 HPs)
             Began as an Octopode Delver on July 27, 2023.
             Slain by a water moccasin (2 damage)
             ... in a sewer.
             The game lasted 00:10:19 (233 turns).

croobank the Sneak (Octopode Delver)                 Turns: 233, Time: 00:10:20

Health: 0/43       AC:  1    Str: 11    XL:     6   Next: 2%
Magic:  6/6        EV: 14    Int: 15    God:
Gold:   11         SH:  0    Dex: 13    Spells: 5/5 levels left

rFire   . . .        a - +0 short sword
rCold   . . .        (no shield)
rNeg    . . .        (helmet restricted)
rPois   .            (no amulet)
rElec   .            (no ring)
rCorr   .            (no ring)
SInv    .            (no ring)
Will    .....        (no ring)
Stlth   +++++        (no ring)
HPRegen 0.27/turn    (no ring)
MPRegen 0.10/turn    (no ring)
                     (no ring)

%: no passive effects
@: lethally poisoned (0 -> -9), hasted, very quick
A: almost no armour, amphibious, 8 rings, camouflage 1, gelatinous body 1,
(nimble swimmer 1), tentacles
a: no special abilities


You were in a sewer.
You visited 1 branch of the dungeon, and saw 2 of its levels.
You also visited: Sewer.

You collected 11 gold pieces.

Inventory:

Hand Weapons
 a - a +0 short sword (weapon)
Wands
 f - a wand of digging (3)
 g - a wand of flame (8)
Scrolls
 b - a scroll of fog
 c - a scroll of magic mapping


   Skills:
 + Level 4.1 Fighting
 + Level 3.4 Short Blades
 + Level 3.4 Dodging
 + Level 7.8 Stealth


You had 5 spell levels left.
You didn't know any spells.
Your spell library was empty.

Dungeon Overview and Level Annotations

Branches:
Dungeon (6/15)              Sewer (1/1)
 Temple: D:4-7

Altars:


Innate Abilities, Weirdness & Mutations

You cannot wear most types of armour.
You are amphibious.
You can wear up to eight rings at the same time.
Your skin changes colour to match your surroundings (Stealth+).
Your rubbery body absorbs attacks. (AC +1, EV +1)
((You are camouflaged when in or above water. (Stealth+)))
You have tentacles for arms and can constrict up to eight enemies at once.


Message History

Unknown command.
Okay, then.
What are your orders? t - Shout!
Orders for allies: a - Attack new target. r - Retreat! s - Stop attacking. g - Guard the area. f - Follow me.
Anything else - Cancel.
Okay, then.
As you read the scroll of fear, it crumbles to dust.
You assume a fearsome visage.
The water moccasin looks frightened!
You constrict the water moccasin.
You feel very sick.
The water moccasin struggles to escape constriction. x2
You release your grip on the water moccasin.
You feel sick.
You feel sick.
Cornered, the water moccasin turns to fight!
Aiming: Throw Flame
Press: ? - help, Shift-Dir - straight line, f - water moccasin
Aim: a water moccasin (heavily wounded, 48% to hit)
The puff of flame hits the water moccasin.
The water moccasin is severely wounded.
You feel sick. The water moccasin bites you.
* * * LOW HITPOINT WARNING * * *
You are lethally poisoned!
The water moccasin poisons you!
Okay, then.
You feel yourself speed up.
* * * LOW HITPOINT WARNING * * *
You feel very sick. The water moccasin bites you.
* * * LOW HITPOINT WARNING * * *
* * * LOW HITPOINT WARNING * * *
You feel very sick.
You hit the water moccasin. Your grab misses the water moccasin.
The water moccasin is severely wounded.
* * * LOW HITPOINT WARNING * * *
You feel sick. The water moccasin bites you.
You die...

###### ### ##......##
#!) ###......~...###
#[.##~....# #.....##
###~....# #~..~.
#......## ##....
###S@...### ###.....
#(~##....~####.~~~.##
#[? ###..~.~~.~~.###
### ###......###
########


You could see a water moccasin.

Vanquished Creatures
  A bullfrog (D:6)
  A kobold brigand (D:6)
  A jelly (D:6)
  A sleepcap (D:6)
  3 gnolls (D:6)
  An adder (D:6)
  2 jackals (Sewer)
  2 kobolds (D:6)
12 creatures vanquished.

Notes
Turn   | Place    | Note
-------+----------+-------------------------------------------
     0 | D:5      | croobank the Octopode Delver began the quest for the Orb.
     0 | D:5      | Reached XP level 1. HP: 16/16 MP: 1/1
     1 | D:6      | Noticed a kobold brigand
     1 | D:6      | Noticed a bullfrog
     2 | D:6      | Killed a kobold brigand
     3 | D:6      | Reached skill level 7 in Stealth
     3 | D:6      | Reached XP level 2. HP: 21/21 MP: 2/2
     3 | D:6      | Reached XP level 3. HP: 26/26 MP: 3/3
     3 | D:6      | Reached XP level 4. HP: 31/31 MP: 4/4
     6 | D:6      | Killed a bullfrog
     7 | D:6      | Reached XP level 5. HP: 37/37 MP: 5/5
   140 | D:6      | Found a glowing drain.
   146 | D:6      | Reached XP level 6. HP: 38/43 MP: 6/6
   150 | Sewer    | Entered a sewer
   217 | Sewer    | Noticed a water moccasin
   232 | Sewer    | HP: 2/43 [poisoned by a water moccasin]
   233 | Sewer    | Slain by a water moccasin

Illustrated notes

Levels and vault maps discovered:
D:5:      layout_basic, old_standard_altar, grunt_gozag_statues,
          minmay_ruined_shrine, uniq_ijyb, uniq_prince_ribbit1
D:6:      layout_basic, nemelex_altar_shiori, portal_sewer_entry_d, uniq_sigmund
Sewer:    sewer_the_moccasin

Skill      XL: |  1  2  3  4  5 |
---------------+----------------+-----
Stealth        | 7 |  7.8
Short Blades   | 3 |  3.4
Dodging        | 3 |  3.4
Fighting       | 4 |  4.1

Action                     |  1- 3 |  4- 6 || total
---------------------------+-------+-------++-------
  Melee: Short sword       |     1 |    28 ||    29
         Tentacles         |     1 |     7 ||     8
         Constrict         |     1 |     5 ||     6
         Punch             |       |     1 ||     1
  Evoke: Wand              |       |     1 ||     1
    Use: Scroll            |       |     1 ||     1
         Potion            |       |     1 ||     1
   Stab: Sleeping          |     1 |     7 ||     8
  Dodge: Dodged            |       |    14 ||    14
